 Dungeon Crawl Stone Soup version 0.20.1-1-g8b1a95d (webtiles) character file.

35 McKennaii the Conjurer (level 3, -3/27 HPs)
             Began as a Draconian Conjurer on Aug 6, 2017.
             Slain by Natasha (6 damage)
             ... on level 2 of the Dungeon.
             The game lasted 00:01:52 (1253 turns).

McKennaii the Conjurer (Draconian Conjurer)         Turns: 1253, Time: 00:01:52

Health: -3/27      AC:  5    Str: 10    XL:     3   Next: 17%
Magic:  0/6        EV: 12    Int: 16    God:
Gold:   61         SH:  0    Dex: 11    Spells: 5/6 levels left

rFire    . . .     SeeInvis .   (no weapon)
rCold    . . .     Gourm    .   (no shield)
rNeg     . . .     Faith    .   (armour unavailable)
rPois    .         Spirit   .   (helmet restricted)
rElec    .         Reflect  .   (no cloak)
rCorr    .         Harm     .   (no gloves)
MR       .....                  (no boots)
Stlth    ++........             (no amulet)
Regen    0.1/turn               (no ring)
MPRegen  0.1/turn               (no ring)

@: no status effects
A: unfitting armour, cold-blooded, AC +5
a: no special abilities


You were on level 2 of the Dungeon.
You were hungry.

You visited 1 branch of the dungeon, and saw 2 of its levels.

You collected 61 gold pieces.

Inventory:

Scrolls
 c - a scroll of amnesia {unknown}
 g - 2 scrolls of fear {unknown}
 h - a scroll of recharging {unknown}
 i - a scroll of identify {unknown}
 j - a scroll of immolation {unknown}
 k - a scroll of fog {unknown}
 l - a scroll of teleportation {unknown}
Potions
 e - a potion of lignification {unknown}
Books
 a - a book of Conjurations

   Spells                             Type                      Level
   a - Magic Dart                     Conjuration                  1
   b - Searing Ray                    Conjuration                  2
   c - Dazzling Spray                 Conjuration/Hexes            3
   d - Fulminant Prism                Conjuration/Hexes            4
   e - Force Lance                    Conjuration/Translocation    4
   f - Iskenderun's Mystic Blast      Conjuration                  4
Comestibles
 b - 2 bread rations
 d - a fruit
 f - a meat ration


   Skills:
 + Level 0.4 Fighting
 + Level 1.9 Dodging
 + Level 2.1 Stealth
 + Level 0.2 Unarmed Combat
 * Level 2.2 Spellcasting
 + Level 4.5 Conjurations


You had 5 spell levels left.
You knew the following spells:

 Your Spells              Type           Power        Failure   Level  Hunger
a - Magic Dart            Conj           ###.         3%          1    #......


Dungeon Overview and Level Annotations

Branches:
Dungeon (2/15)

Altars:
Xom

Annotations:
D:2 Natasha


Innate Abilities, Weirdness & Mutations

Your plain brown scales are hard. (AC +5)
You cannot fit into any form of body armour.
You are cold-blooded and may be slowed by cold attacks.


Message History

Casting: Magic Dart
Confirm with . or Enter, or press ? or * to list all spells.
You don't have enough magic to cast that spell.
You hit Natasha.
Natasha is almost dead.
The bat misses you. Natasha closely misses you.
The shadow imp closely misses you.
Casting: Magic Dart
Confirm with . or Enter, or press ? or * to list all spells.
Aiming: Magic Dart
Press: ? - help, Shift-Dir - straight line, f/p - Natasha
Aim: Natasha (almost dead)
The magic dart hits Natasha.
Natasha is almost dead.
The bat barely misses you. Natasha misses you.
The bat hits you but does no damage. The shadow imp barely misses you.
You hit Natasha but do no damage.
Natasha is almost dead.
The bat barely misses you. Natasha claws you.
You die...

####................
.......############.
####...#............
#.....##########. .
#.#.### #. .. #.#.#
#. #.#.####.#.# #.
.....b.5...# #.
......h@.### ###.
#.#.###### #... #.#.
#.#. #... #..# #..#
#..# ######.รท#


You could see Natasha, a shadow imp and a bat.

Vanquished Creatures
  An adder (D:2)
  A dart slug (D:1)
  A leopard gecko (D:1)
  5 bats (D:1)
  2 giant cockroaches (D:1)
  A goblin (D:1)
  4 hobgoblins
  A kobold (D:1)
  A frilled lizard (D:2)
  5 rats (D:1)
22 creatures vanquished.

Notes
Turn   | Place    | Note
-------+----------+-------------------------------------------
     0 | D:1      | McKennaii the Draconian Conjurer began the quest for the Orb.
     0 | D:1      | Reached XP level 1. HP: 14/14 MP: 3/3
   187 | D:1      | Found a shimmering altar of Xom.
   238 | D:1      | Reached XP level 2. HP: 20/20 MP: 0/5
  1051 | D:2      | Reached XP level 3. HP: 27/27 MP: 2/6
  1241 | D:2      | Noticed Natasha
  1253 | D:2      | Slain by Natasha

Skill      XL: |  1  2 |
---------------+-------+-----
Stealth        | 2 |  2.1
Fighting       | |  0.4
Dodging        | |  1.9
Unarmed Combat | |  0.2
Spellcasting   | |  2.2
Conjurations   | |  4.5

Action                   || total
-------------------------++-------
Melee: Unarmed           ||    39
       Tailslap          ||     3
 Cast: Magic Dart        ||    50
 Stab: Sleeping          ||     2
  Eat: Chunk             ||     1
Armor: Skin              ||    14
Dodge: Dodged            ||    27
